AoeStats
← calvin

Arabia

505454337Analyzed
1v1 RM · 24d ago on Sep 9, 2026· 42m 3s· 2 players
Game mode
Random Map
Map size
Tiny (2 player)
Population
200
Speed
Normal
Resources
Standard
Victory
Conquest
Starting age
Dark Age
Ending age
Imperial Age
RankedLock teamsTeams togetherTeam positionsShared explorationLock speedFull tech treeHidden civsTurbo modeCheats
Victory
Defeat
🇹🇷 Britons · Türkiye
1445
+16
🇳🇱 Khmer · Netherlands
1441
-16
calvin
6:42 Loom
9:20 Feudal Age
9:52 Double-Bit Axe
17:00 Fletching
17:28 Scale Barding Armor
21:39 Horse Collar
23:19 Gold Mining
24:06 Bloodlines
24:01 Padded Archer Armor
26:14 Castle Age
25:15 Bloodlines
26:27 Padded Archer Armor
26:23 Elite Skirmisher
27:01 Bodkin Arrow
29:14 Light Cavalry
30:39 Bow Saw
32:09 Wheelbarrow
34:58 Town Watch
35:33 Gold Mining
37:20 Leather Archer Armor
40:24 Heavy Plow
CAKIR
6:33 Loom
9:25 Feudal Age
14:35 Double-Bit Axe
15:50 Fletching
22:17 Castle Age
21:04 Horse Collar
22:12 Padded Archer Armor
22:24 Crossbowman
23:00 Bodkin Arrow
25:03 Leather Archer Armor
26:17 Bow Saw
27:08 Ballistics
30:44 Wheelbarrow
29:56 Town Watch
36:27 Imperial Age
34:01 Stone Mining
34:43 Gold Mining
36:26 Hand Cart
37:13 Bracer
38:28 Ring Archer Armor
39:27 Chemistry
38:50 Arbalester
41:01 Conscription
41:49 Yeomen
Connection lost

Rejoining the realm…

Still unreachable

The connection could not be restored.

Session expired

The server has moved on; the page needs a fresh start.